 Dungeon Crawl Stone Soup version 0.19-a0-1457-g32fba05 (webtiles) character file.

39 Leszczynek the Conjurer (level 3, -1/28 HPs)
             Began as a Hill Orc Wanderer on Sept 6, 2016.
             Slain by a worm (9 damage)
             ... on level 2 of the Dungeon.
             The game lasted 00:04:43 (1406 turns).

Leszczynek the Conjurer (Hill Orc Wanderer)         Turns: 1406, Time: 00:04:44

Health: -1/28      AC:  7    Str: 15    XL:     3   Next: 45%
Magic:  3/3        EV: 10    Int: 11    God:
Gold:   14         SH:  0    Dex: 11    Spells: 0 memorised, 2 levels left

rFire  . . .     SeeInvis .     h - +0 hand axe
rCold  . . .     Gourm    .     v - +0 ring mail
rNeg   . . .     Faith    .     (no shield)
rPois  .         Spirit   .     (no helmet)
rElec  .         Dismiss  .     j - +0 cloak
rCorr  .         Reflect  .     m - +0 pair of gloves
MR     .....     Harm     .     (no boots)
Stlth  +.........               (no amulet)
                                (no ring)
                                (no ring)

@: no status effects
A: no striking features
a: no special abilities


You were on level 2 of the Dungeon.
You were not hungry.

You visited 1 branch of the dungeon, and saw 2 of its levels.

You collected 14 gold pieces.

Inventory:

Hand Weapons
 e - a +0 club
 h - a +0 hand axe (weapon)
Missiles
 l - 2 tomahawks (quivered)
Armour
 j - a +0 cloak (worn)
 m - a +0 pair of gloves (worn)
 v - a +0 ring mail (worn)
Scrolls
 k - 3 scrolls of fear {unknown}
 n - a scroll of amnesia {unknown}
 s - a scroll of identify {unknown}
 t - a scroll of magic mapping {unknown}
Potions
 d - a potion of lignification {unknown}
 i - a potion of agility {unknown}
 o - a potion of brilliance {unknown}
 u - a potion of resistance
Books
 a - a book of Necromancy

   Spells                             Type                      Level
   a - Pain                           Necromancy                   1
   b - Animate Skeleton               Necromancy                   1
   c - Vampiric Draining              Necromancy                   3
   d - Regeneration                   Charms/Necromancy            3
   e - Animate Dead                   Necromancy                   4
   f - Control Undead                 Necromancy                   4
 b - the Almanac of Space

   Spells                             Type                      Level
   a - Summon Butterflies             Summoning                    1
   b - Recall                         Summoning/Translocation      3
 c - Upagau's Guide on the Escort

   Spells                             Type                      Level
   a - Summon Small Mammal            Summoning                    1
   b - Call Canine Familiar           Summoning                    3
Comestibles
 f - 4 bread rations
 p - 2 beef jerkies
 q - 2 fruits
 r - 8 chunks of flesh


   Skills:
 - Level 1.0 Fighting
 + Level 3.6 Axes
 - Level 1.0 Stealth
   Level 4.0 Conjurations
   Level 1.0 Summonings
   Level 1.0 Necromancy
   Level 2.0 Earth Magic
   Level 1.0 Evocations


You had 2 spell levels left.
You didn't know any spells.

Dungeon Overview and Level Annotations

Branches:
Dungeon (2/15)

Altars:
Uskayaw


Message History

You closely miss the bat. The bat hits you but does no damage.
The bat hits you. The bat barely misses you. The worm closely misses you.
You hit the worm.
The worm is severely wounded.
You hit the bat but do no damage. The bat closely misses you.
The bat barely misses you. The worm bites you.
The bat hits you but does no damage. The bat barely misses you.
The bat hits you. The bat hits you but does no damage.
The bat hits you but does no damage.
You closely miss the bat. The bat barely misses you.
You are too injured to fight recklessly!
You are too injured to fight recklessly!
You are too injured to fight recklessly!
You hit the worm but do no damage.
The worm is heavily wounded.
You hit the worm but do no damage.
The worm is heavily wounded.
The worm bites you!
You die...

.......#.)..... #>....#####......
.......#....... .....## #.8.8.8
.#.....#....... #.##.# #......
............... #. .# ##......
...........##.. #. .# #.......
................#.##.# ##.....)_
......†......... ..#.## .........
...............###....#..........
...........#....@wb...#..........
............<...##.#....###.8.8.8
.........#............#.# #......
.........##.............#........
.........'...#..........#.###...#
.........##..#.###$.#####. ....>#
........[##..#.#.†..........###.
.........##....(..#..#####.. #.
.........##.#.##......#


You could see a worm and a bat.

Vanquished Creatures
  6 bats
  A giant cockroach (D:1)
  8 goblins
  4 hobgoblins
  2 jackals (D:1)
  8 kobolds
  2 ball pythons
  A giant newt (D:1)
  2 rats (D:1)
34 creatures vanquished.

Notes
Turn   | Place    | Note
-------+----------+-------------------------------------------
     0 | D:1      | Leszczynek the Hill Orc Wanderer began the quest for the Orb.
     0 | D:1      | Leszczynek set off with: a book of Necromancy, the Almanac of Space, Upagau's Guide on the Escort, a +0 robe, a +0 club, a bread ration
     0 | D:1      | Reached XP level 1. HP: 14/14 MP: 1/1
     0 | D:1      | stats are good, skills not so much
     0 | D:1      | 3 books
     0 | D:1      | Identified the Almanac of Space
     0 | D:1      | Identified Upagau's Guide on the Escort
     0 | D:1      | and 0 spellcasting, so i can't learn even one spell
     0 | D:1      | ohhhh boy
     6 | D:1      | t a c t i c s
    15 | D:1      | Reached skill level 1 in Fighting
   384 | D:1      | Reached skill level 1 in Axes
   393 | D:1      | Reached XP level 2. HP: 22/23 MP: 2/2
   455 | D:1      | Reached skill level 2 in Axes
   787 | D:1      | Reached skill level 3 in Axes
   789 | D:1      | Reached XP level 3. HP: 28/28 MP: 3/3
  1140 | D:2      | Found a hide-covered altar of Uskayaw.
  1406 | D:2      | Slain by a worm

Vault maps used:
D:1:      noname_arrival_rooms_in_the_neighbourhood
D:2:      kennysheep_ying_yang, eat_drink_and_be_merry_uskayaw,
          cheibriados_altar_1, first_bread

Skill      XL: |  1  2 |
---------------+-------+-----
Fighting       | 1 |  1.0
Axes           | 1 3 |  3.6
Stealth        | |  1.0
Conjurations   | |  4.0
Summonings     | |  1.0
Necromancy     | |  1.0
Earth Magic    | |  2.0
Evocations     | |  1.0

Action                   || total
-------------------------++-------
Melee: Hand axe          ||   113
       Club              ||     8
 Stab: Sleeping          ||     1
  Eat: Chunk             ||     2
Armor: Leather armour    ||    29
       Ring mail         ||    15
Dodge: Dodged            ||    81
